 Dungeon Crawl Stone Soup version 0.32-a0-411-g744942f433 (webtiles) character file.

Game seed: 14164112313975545669

546 zeratav the Cleaver (level 7, -7/57 HPs)
             Began as a Minotaur Fighter on Feb 21, 2024.
             Was an Initiate of Beogh.
             Killed by divine providence
             ... invoked by an orc priest
              (14 damage)
             ... on level 5 of the Dungeon.
             The game lasted 00:06:18 (3268 turns).

zeratav the Cleaver (Minotaur Fighter)              Turns: 3268, Time: 00:06:19

Health: -7/57      AC: 11    Str: 23    XL:     7   Next: 6%
Magic:  6/6        EV:  8    Int:  5    God:    Beogh [......]
Gold:   242        SH:  4    Dex:  9    Spells: 6/6 levels left

rFire   . . .        a - +0 war axe {axe}
rCold   . . .        c - +0 buckler
rNeg    . . .        A - +0 chain mail
rPois   .            (helmet restricted)
rElec   .            y - +0 cloak
rCorr   .            (no gloves)
SInv    .            w - +0 pair of boots
Will    .....        (no amulet) Stlth
                     (no ring)
HPRegen 0.29/turn    (no ring)
MPRegen 0.10/turn

%: no passive effects
@: no status effects
A: horns 2, retaliatory headbutt
a: Renounce Religion


You were on level 5 of the Dungeon.
You worshipped Beogh.
Beogh was noncommittal.
You visited 1 branch of the dungeon, and saw 5 of its levels.

You collected 242 gold pieces.


Innate Abilities, Weirdness & Mutations

You have a pair of horns on your head.
You reflexively headbutt those who attack you in melee.


   Skills:
 - Level 3.6 Fighting
 + Level 9.3 Axes
 - Level 3.6 Armour
 - Level 3.6 Shields


You had 6 spell levels left.
You didn't know any spells.
Your spell library contained the following spells:

 Spells                   Type           Power      Damage    Failure   Level
 Call Canine Familiar     Summ           0%         N/A       100%        3
 Sigil of Binding         Hex            0%         N/A       100%        3
 Animate Dead             Necr           0%         N/A       100%        4
 Dimensional Bullseye     Hex/Tloc       0%         N/A       100%        4
 Borgnjor's Vile Clutch   Necr/Erth      0%         N/A       100%        5
 Death Channel            Necr           0%         N/A       100%        6

Inventory:

Hand Weapons
 a - a +0 war axe (weapon) {axe}
 v - a +2 sling of flaming
   (You took it off a goblin on level 3 of the Dungeon)
 x - a +4 quarterstaff of chaos {staff}
   (You took it off Crazy Yiuf on level 3 of the Dungeon)
 z - the +12 hammer "Giggosearch" {freeze, rElec rPois Will- Str-3}
   (You found it on level 3 of the Dungeon)

   Str-3:     It affects your strength (-3).
   rElec:     It insulates you from electricity.
   rPois:     It protects you from poison Will-: It decreases your willpower.
Missiles
 g - 9 poisoned darts (quivered) {throwing}
Armour
 b - a +0 scale mail
 c - a +0 buckler (worn)
 w - a +0 pair of boots (worn)
   (You found it on level 3 of the Dungeon)
 y - a +0 cloak (worn)
   (You took it off Crazy Yiuf on level 3 of the Dungeon)
 A - a +0 chain mail (worn)
   (You found it on level 4 of the Dungeon)
Wands
 u - a wand of flame (17)
   (You found it on level 3 of the Dungeon)
Scrolls
 h - a scroll of blinking {unknown}
 i - a scroll of teleportation {unknown}
 j - a scroll of enchant weapon {unknown}
 k - a scroll of fog {unknown}
 l - 6 scrolls of identify {unknown}
 o - a scroll of revelation {unknown}
 p - 3 scrolls of immolation {unknown}
 q - a scroll of enchant armour {unknown}
 s - a scroll of vulnerability {unknown}
 t - 3 scrolls of fear {unknown}
 B - a scroll of poison {unknown}
Potions
 d - a potion of might
 e - 3 potions of mutation {unknown}
 f - a potion of berserk rage {unknown}
 m - a potion of invisibility {unknown}
 n - a potion of resistance {unknown}
 r - a potion of enlightenment {unknown}
 C - a potion of ambrosia {unknown}

Dungeon Overview and Level Annotations

Branches:
Dungeon (5/15) Zot: 26688  Temple (0/1) D:4

Altars:
Cheibriados
Gozag

Shops:
D:3

( ....####.#.# ..#
....#....#.# ....
...)#.####.# #.. ....#.#
#.# ... ....#.# #.#
#.### ....#.# #.# ....
....#.# #.# ###.####...
....#.# #.# #...)......
....#.# #.# #.#@###...
......# #.###.#fo......
##########.....#........
............####.#.#...#
###########.# ..... ._#
#.# .##... .# #.# . ..#
# #.. .. #.# ###


You could see a sleepcap and an orc priest.


Message History

No target in view!
No target in view!
No target in view!
No target in view!
No target in view!
No target in view!
No target in view!
No target in view!
Things that are here:
a +0 mace {mace}; an orc corpse An orc wizard and an orc priest come into view.
The orc wizard shouts!
The orc priest shouts!
You hear a shout!
An orc wizard comes into view. It is wielding a +0 dagger.
The orc priest invokes the aid of Beogh against you.
Beogh smites you!
You hear a shout!
HP[-13]
You take 13 damage, and now have 38/51 hp.
MASSIVE DAMAGE!! (PAUSE)
There are monsters nearby!
There are monsters nearby!
A sleepcap and an orc come into view.
Found a snail-covered altar of Cheibriados.
The orc wizard shouts!
The orc shouts!
An orc priest comes into view. It is wielding a +0 club.
The orc priest shouts!
HP[+1]
You hit the sleepcap. The orc wizard casts a spell at you.
The magic dart hits you but does no damage.
The sleepcap releases spores at you but does no damage.
You hit the sleepcap. You slash the orc wizard!
The orc wizard hits you but does no damage.
The sleepcap closely misses you.
You slash the orc wizard!
You kill the orc wizard!
Beogh accepts your kill.
You hit the sleepcap but do no damage. You hit the orc wizard.
The orc wizard hits you with a +0 dagger.
The sleepcap barely misses you.
Your Axes skill increases to level 9!
You hit the orc wizard but do no damage.
You hit the sleepcap. You hit the orc but do no damage.
The orc completely misses you.
The orc wizard points at you and mumbles some strange words.
The magic dart hits you. You block the sleepcap's attack.
HP[-6]
You take 6 damage, and now have 33/51 hp.
You hit the orc wizard. You completely miss the sleepcap. You slash the orc!
You kill the orc!
Beogh accepts your kill.
The orc wizard hits you with a +0 dagger.
The sleepcap closely misses you.
HP[-2]
You take 2 damage, and now have 31/51 hp.
You slash the orc wizard!
You kill the orc wizard!
Beogh accepts your kill.
You hit the sleepcap. You hit the orc priest.
The orc priest casts a cantrip, but nothing happens.
The sleepcap releases spores at you!
* * * LOW HITPOINT WARNING * * *
You are engulfed in a cloud of soporific spores!
You fall asleep.
The orc priest hits you with a +0 club.
You wake up.
* * * LOW HITPOINT WARNING * * *
You have reached level 7!
HP[-10] MP[+1]
You now have 57 max hp (+6).
You take 10 damage, and now have 21/57 hp.
Your mp is fully restored (6).
You hit the orc priest. You headbutt the orc priest!
You kill the orc priest!
Beogh accepts your kill.
Beogh appreciates your killing of a heretic priest.
You hit the sleepcap but do no damage. The sleepcap releases spores at you.
* * * LOW HITPOINT WARNING * * *
You are engulfed in a cloud of soporific spores!
You are unaffected.
HP[-1]
You take 1 damage, and now have 20/57 hp.
You slash the orc priest! You headbutt the orc priest.
You hit the sleepcap but do no damage.
The orc priest invokes the aid of Beogh against you.
Pain shoots through your body!
* * * LOW HITPOINT WARNING * * *
The sleepcap releases spores at you.
* * * LOW HITPOINT WARNING * * *
You are engulfed in a cloud of soporific spores!
You are unaffected.
HP[-14]
You take 14 damage, and now have 6/57 hp.
MASSIVE DAMAGE!! (PAUSE)
You hit the orc priest but do no damage.
You headbutt the orc priest, but do no damage.
You hit the sleepcap.
The orc priest invokes the aid of Beogh against you.
Beogh smites you!
You die...
Beogh appreciates the orc priest's killing of a heretic priest.

Skill      XL: |  1  2  3  4  5  6 |
---------------+-------------------+-----
Axes           | 3 4 5 6 7 9 |  9.3
Fighting       | |  3.6
Armour         | |  3.6
Shields        | |  3.6

Action                     |  1- 3 |  4- 6 |  7- 9 || total
---------------------------+-------+-------+-------++-------
  Melee: War axe           |    65 |   143 |     3 ||   211
         Headbutt          |     8 |    22 |     3 ||    33
 Invoke: Convert to Beogh  |       |     1 |       ||     1
 Armour: Scale mail        |    40 |    45 |       ||    85
         Chain mail        |       |    61 |     2 ||    63
         Skin              |       |     1 |       ||     1
  Dodge: Dodged            |    26 |    55 |       ||    81
  Block: Buckler           |    19 |    27 |       ||    46

Levels and vault maps discovered:
D:1:      orjb1_lava_funnel, layout_loops_ring,
          dilly_ecumenical_altar_fadedgnrine
D:2:      layout_rooms, basic_altar, minmay_box_of_dots
D:3:      minmay_thinvault, layout_rooms, mainiacjoe_overflow_brackets,
          serial_shops, nicolae_square_shop, uniq_crazy_yiuf_cottage
D:4:      layout_cave_pools, minmay_temple_entry_glass
D:5:      layout_basic, nicolae_overflow_macrodata_refinement

Notes
Turn   | Place    | Note
-------+----------+-------------------------------------------
     0 | D:1      | zeratav the Minotaur Fighter began the quest for the Orb.
     0 | D:1      | Reached XP level 1. HP: 19/19 MP: 0/0
     0 | D:1      | magus.rc [v1.9.6]
   102 | D:1      | Reached skill level 3 in Axes
   203 | D:1      | Reached XP level 2. HP: 26/26 MP: 1/1
   320 | D:1      | Reached skill level 4 in Axes
   421 | D:1      | Reached XP level 3. HP: 31/31 MP: 2/2
   507 | D:1      | Found a faded altar of an unknown god.
   965 | D:2      | Found an opulent altar of Gozag.
  1165 | D:3      | Found Zeodadd's Weapon Emporium.
  1200 | D:3      | Reached skill level 5 in Axes
  1221 | D:3      | Reached XP level 4. HP: 33/39 MP: 3/3
  1407 | D:3      | Reached skill level 6 in Axes
  1409 | D:3      | You pick up a book of the Hunter and begin reading...
  1409 | D:3      | You add the spells Sigil of Binding, Call Canine Familiar
                  | and Dimensional Bullseye to your library.
  1585 | D:3      | Found an opulent altar of Gozag.
  1628 | D:3      | Reached XP level 5. HP: 45/45 MP: 4/4
  1777 | D:3      | Reached skill level 7 in Axes
  1834 | D:3      | You pick up a book of Unlife and begin reading...
  1834 | D:3      | You add the spells Animate Dead, Borgnjor's Vile Clutch and
                  | Death Channel to your library.
  1873 | D:3      | HP: 5/45 [gnoll/+0 halberd (8)]
  2297 | D:3      | Found a runed translucent door.
  2298 | D:3      | Noticed Crazy Yiuf
  2305 | D:3      | Killed Crazy Yiuf
  2306 | D:3      | Reached XP level 6. HP: 42/51 MP: 2/5
  2310 | D:3      | Identified the +12 hammer "Giggosearch" {freeze, rElec
                  | rPois Will- Str-3}
  2544 | D:4      | Found a staircase to the Ecumenical Temple.
  2639 | D:4      | Reached skill level 8 in Axes
  2967 | D:5      | Entered Level 5 of the Dungeon
  3155 | D:5      | Became a worshipper of Beogh the Shepherd
  3258 | D:5      | Found a snail-covered altar of Cheibriados.
  3263 | D:5      | Reached skill level 9 in Axes
  3266 | D:5      | Reached XP level 7. HP: 21/57 MP: 6/6
  3267 | D:5      | HP: 7/57 [orc priest/nerve-wracking pain (13)]
  3268 | D:5      | Killed from afar by an orc priest

Vanquished Creatures
  2 bombardier beetles (D:3)
  2 hounds (D:5)
  An orc priest (D:5)
  Crazy Yiuf (D:3)
  4 orc wizards
  A gnoll (D:3)
  8 adders
  5 ribbon worms
  4 dart slugs
  10 orcs
  5 ball pythons
  6 bats
  9 endoplasms
  4 giant cockroaches
  8 goblins
  7 hobgoblins
  A jackal (D:3)
  6 kobolds
  3 quokkas (D:2)
  2 frilled lizards (D:1)
  10 rats
99 creatures vanquished.

Table legend:
 A = Non-vault XP
 B = Vault XP
 C = Vault XP percentage of total XP
 D = Non-vault monster count
 E = Vault monster count
 F = Vault count percentage of total count
                 A         B        C        D         E       F
            +---------+---------+-------+---------+---------+-------
      Total |     647 |     133 |  17.1 |      78 |      21 |  21.2
            +---------+---------+-------+---------+---------+-------
        D:1 |      51 |       0 |   0.0 |      18 |       0 |   0.0
        D:2 |      17 |       9 |  34.6 |       7 |       3 |  30.0
        D:3 |     182 |     124 |  40.5 |      23 |      18 |  43.9
        D:4 |     167 |       0 |   0.0 |      20 |       0 |   0.0
        D:5 |     230 |       0 |   0.0 |      10 |       0 |   0.0
            +---------+---------+-------+---------+---------+-------

Skill      XL: |  1  2  3  4  5  6 |
---------------+-------------------+-----
Axes           | 3 4 5 6 7 9 |  9.3
Fighting       | |  3.6
Armour         | |  3.6
Shields        | |  3.6

Action                     |  1- 3 |  4- 6 |  7- 9 || total
---------------------------+-------+-------+-------++-------
  Melee: War axe           |    65 |   143 |     3 ||   211
         Headbutt          |     8 |    22 |     3 ||    33
 Invoke: Convert to Beogh  |       |     1 |       ||     1
 Armour: Scale mail        |    40 |    45 |       ||    85
         Chain mail        |       |    61 |     2 ||    63
         Skin              |       |     1 |       ||     1
  Dodge: Dodged            |    26 |    55 |       ||    81
  Block: Buckler           |    19 |    27 |       ||    46

Illustrated notes

Table legend:
 A = Kills in this place as a percentage of kills in the entire game.
 B = Kills by you in this place as a percentage of kills by you in the entire game.
 C = Kills by friends in this place as a percentage of kills by friends in the entire game.
 D = Other kills in this place as a percentage of other kills in the entire game.
 E = Experience gained in this place as a percentage of experience gained in the entire game.
 F = Experience gained in this place divided by the number of levels of this place that you have seen.
                   A       B       C       D       E      F
               +-------+-------+-------+-------+-------+----------------------
         Total | 100.0 | 100.0 |   N/A |   N/A | 100.0 | 156.0
       Dungeon | 100.0 | 100.0 |   N/A |   N/A | 100.0 | 156.0
               +-------+-------+-------+-------+-------+----------------------

Table legend: (Time is in decaauts)
 A = Elapsed time spent in this place.
 B = Non-inter-level travel time spent in this place.
 C = Inter-level travel time spent in this place.
 D = Time resting spent in this place.
 E = Time spent auto-exploring this place.
 F = Levels seen in this place.
 G = Mean time per level.
                   A        B        C        D        E       F      G
               +--------+--------+--------+--------+--------+-----+--------+
         Total |   3310 |   3235 |     75 |    317 |   2336 |   5 |  662.0 |
       Dungeon |   3310 |   3235 |     75 |    317 |   2336 |   5 |  662.0 |
               +--------+--------+--------+--------+--------+-----+--------+

Top non-repeatable levels by time:
     D:3: 1225 daAuts
     D:1: 787 daAuts
     D:4: 613 daAuts
     D:2: 382 daAuts
     D:5: 302 daAuts
